AoeStats
← 帝国的铁汉

Arabia

510504307Analyzed
1v1 RM · 19h ago on Oct 1, 2026· 32m 1s· 2 players
Game mode
Random Map
Map size
Tiny (2 player)
Population
200
Speed
Normal
Resources
Standard
Victory
Conquest
Starting age
Dark Age
Ending age
Imperial Age
RankedLock teamsTeams togetherTeam positionsShared explorationLock speedFull tech treeHidden civsTurbo modeCheats
Victory
Defeat
🇨🇳 Varangians · China
1696
+19
🇪🇸 Byzantines · Spain
1751
-19
帝国的铁汉
10:55 Loom
13:05 Feudal Age
13:12 Man-at-Arms
17:08 Castle Age
15:19 Double-Bit Axe
16:30 Bloodlines
16:52 Scale Barding Armor
17:35 Forging
17:26 Long Swordsman
18:05 Long Swordsman
32:15 Fletching
Mataku
6:10 Loom
6:13 Loom
9:13 Feudal Age
10:15 Double-Bit Axe
15:57 Fletching
21:49 Castle Age
Connection lost

Rejoining the realm…

Still unreachable

The connection could not be restored.

Session expired

The server has moved on; the page needs a fresh start.